 Dungeon Crawl Stone Soup version 0.30-a0-34-gbe8da3892a (webtiles) character file.

Game seed: 10504257136702400531

10 ytrimaz the Insei (level 2, -1/18 HPs)
             Began as an Octopode Transmuter on Aug 27, 2022.
             Slain by a kobold
             ... wielding a +0 short sword of electrocution
              (17 damage)
             ... on level 1 of the Dungeon.
             The game lasted 00:00:22 (576 turns).

ytrimaz the Insei (Octopode Transmuter)              Turns: 576, Time: 00:00:22

Health: -1/18      AC:  1    Str:  9    XL:     2   Next: 20%
Magic:  4/5        EV: 13    Int: 15    God:
Gold:   48         SH:  0    Dex: 12    Spells: 4/5 levels left

rFire   . . .      SeeInvis .      - Unarmed
rCold   . . .      Faith    .    (no shield)
rNeg    . . .      Spirit   .    (helmet currently unavailable)
rPois   .          Reflect  .    (no amulet)
rElec   .          Harm     .    (no ring)
rCorr   .          Rampage  .    (no ring)
Will    .....                    (no ring)
Stlth   ++........               (no ring)
HPRegen 0.06/turn                (no ring)
MPRegen 0.09/turn                (no ring)
                                 (no ring)
                                 (no ring)

@: appendages (expiring)
A: tentacle spike 3, almost no armour, amphibious, 8 rings, camouflage 1,
gelatinous body 1, (nimble swimmer 1), tentacles
a: End Transformation


You were on level 1 of the Dungeon.
One of your tentacles had grown a beastly spike.
You visited 1 branch of the dungeon, and saw 1 of its levels.

You collected 48 gold pieces.

Inventory:

Potions
 a - a potion of lignification
 b - a potion of brilliance {unknown}
 c - a potion of ambrosia {unknown}
 d - a potion of heal wounds {unknown}
 e - a potion of haste {unknown}
 f - a potion of attraction {unknown}


   Skills:
 - Level 1.0 Fighting
 - Level 2.0 Dodging
 + Level 3.6 Unarmed Combat
 - Level 2.0 Spellcasting
 - Level 2.0 Transmutations


You had 4 spell levels left.
You knew the following spells:

 Your Spells              Type           Power      Damage    Failure   Level
a - Beastly Appendage     Tmut           14%        N/A       10%         1

Your spell library contained the following spells:

 Spells                   Type           Power      Damage    Failure   Level
 Wereblood                Tmut           7%         N/A       14%         2
 Spider Form              Tmut/Pois      4%         N/A       41%         3
 Ice Form                 Ice/Tmut       4%         N/A       82%         4
 Summon Forest            Summ/Tloc      0%         N/A       99%         5
 Eringya's Noxious Bog    Tmut/Pois      2%         N/A       100%        6
 Summon Hydra             Summ           0%         N/A       100%        7


Dungeon Overview and Level Annotations

Branches:
Dungeon (1/15)

Altars:


Innate Abilities, Weirdness & Mutations

One of your tentacles has grown a beastly spike.
You cannot wear most types of armour.
You are amphibious.
You can wear up to eight rings at the same time.
Your skin changes colour to match your surroundings (Stealth+).
Your rubbery body absorbs attacks. (AC +1, EV +1)
((You are camouflaged when in or above water. (Stealth+)))
You have tentacles for arms and can constrict up to eight enemies at once.


Message History

The kobold hits you with a +0 whip.
You tentacle-slap the kobold.
You kill the kobold!
f - a sapphire potion You now have 48 gold pieces (gained 9).
You see here a +0 whip.
Your transformation is almost over.
Your tentacle spike disappears.
You see here a +0 whip.
Found a stone staircase leading down.
A dart slug comes into view.
A dart slug is nearby!
A dart slug is nearby!
A kobold comes into view.
It is wielding a +0 short sword of electrocution.
The kobold shouts!
You hear a bark! x2
A ball python comes into view.
One of your tentacles grows a vicious spike.
The ball python hisses angrily.
A ball python comes into view.
A jackal comes into view.
Your transformation is almost over.
A jackal comes into view.
The jackal moves out of view. 2 jackals come into view.
Found a book of the Spheres, a book of Ice and a dagger.
The kobold closely misses you. The dart slug launches a dart at you.
The slug dart misses you.
The jackal barks!
The ball python hisses angrily.
You tentacle-slap the kobold but do no damage.
Your grab misses the kobold.
You hear a shout!
The kobold misses you. The kobold attacks as you move away!
The kobold barely misses you.
You barely miss the kobold. Your grab misses the kobold.
You pierce the kobold, but do no damage.
The kobold hits you with a +0 short sword of electrocution.
You are electrocuted!
Ouch! That really hurt!
You die...

#..........
#..........
#:.........
#....>....:
#...hh..... #
#..h......
#.######SS...#
#.#....K######
#.....@.#
#.......#
#.##.#### #.#..#
#.#.## #.#.#
.#######...#######
#♣♣♣♣...♣♣
..................
#.........
.#######).########
#.........


You could see 3 jackals, 2 ball pythons and a kobold.

Vanquished Creatures
  2 bats (D:1)
  An endoplasm (D:1)
  A goblin (D:1)
  A hobgoblin (D:1)
  A quokka (D:1)
  3 kobolds (D:1)
9 creatures vanquished.

Notes
Turn   | Place    | Note
-------+----------+-------------------------------------------
     0 | D:1      | ytrimaz the Octopode Transmuter began the quest for the
                  | Orb.
     0 | D:1      | Reached XP level 1. HP: 13/13 MP: 3/3
   203 | D:1      | Reached XP level 2. HP: 5/18 MP: 3/5
   576 | D:1      | Slain by a kobold

Illustrated notes

Levels and vault maps discovered:
D:1:      giann_forest_graveyard, layout_rooms, minmay_tetromino_t2

Action                   || total
-------------------------++-------
Melee: Unarmed           ||    23
       Constrict         ||     6
       Kick              ||     5
       Tentacles         ||     3
 Cast: Beastly Appendage ||     4
Armor: Skin              ||     6
Dodge: Dodged            ||    28

Table legend: (Time is in decaauts)
 A = Elapsed time spent in this place.
 B = Non-inter-level travel time spent in this place.
 C = Inter-level travel time spent in this place.
 D = Time resting spent in this place.
 E = Time spent auto-exploring this place.
 F = Levels seen in this place.
 G = Mean time per level.
                   A        B        C        D        E       F      G
               +--------+--------+--------+--------+--------+-----+--------+
         Total |    575 |    575 |      0 |      0 |    506 |   1 |  575.0 |
       Dungeon |    575 |    575 |      0 |      0 |    506 |   1 |  575.0 |
               +--------+--------+--------+--------+--------+-----+--------+

Top non-repeatable levels by time:
     D:1: 575 daAuts
